 Dungeon Crawl Stone Soup version 0.31-a0-1074-g0b22e4e0f1 (webtiles) character file.

Game seed: 12355139489849061548

5142 Pooter the Cleaver (level 10, -3/81 HPs)
             Began as a Minotaur Fighter on Dec 1, 2023.
             Was a Follower of Hepliaklqana.
             Slain by an orange demon (5 damage)
             ... led by Amaemon
             ... on level 8 of the Dungeon.
             The game lasted 00:40:58 (6504 turns).

Pooter the Cleaver (Minotaur Fighter)               Turns: 6504, Time: 00:40:59

Health: -3/81      AC: 13    Str: 24    XL:     10   Next: 33%
Magic:  11/11      EV: 11    Int:  5    God:    Hepliaklqana [*.....]
Gold:   587        SH:  0    Dex: 14    Spells: 9/9 levels left

rFire   . . .        a - +1 flail (heavy)
rCold   . . .        (no shield)
rNeg    . . .        P - +0 plate armour
rPois   +            (helmet restricted)
rElec   .            d - +0 cloak {rPois}
rCorr   .            i - +0 pair of gloves
SInv    .            (no boots)
Will    +....        q - amulet of Femahapn {Regen+ Dex+3 Slay+4} Stlth
                     t - ring of willpower
HPRegen 1.13/turn    I - +5 ring of evasion
MPRegen 0.12/turn

%: no passive effects
@: lethally poisoned (-3 -> -11)
A: reduced essence, horns 2, retaliatory headbutt
a: Renounce Religion, Recall Ancestor, Ancestor Identity


You were on level 8 of the Dungeon.
You worshipped Hepliaklqana.
Hepliaklqana was aware of your devotion.
You visited 2 branches of the dungeon, and saw 9 of its levels.
You also visited: Sewer.

You collected 1074 gold pieces.
You spent 487 gold pieces at shops.

Inventory:

Hand Weapons
 a - a +1 heavy flail (weapon)
   (You took it off Edmund on level 5 of the Dungeon)
 b - a +0 arbalest
   (You found it on level 8 of the Dungeon)
 k - a +0 heavy hammer
   (You found it on level 2 of the Dungeon)
 n - a +2 trident of draining
   (You took it off Jeremiah on level 6 of the Dungeon)
 E - a +0 war axe
 L - a +6 spear
   (You took it off a wight on level 7 of the Dungeon)
 O - a +2 battleaxe of venom
   (You took it off an orc warrior on level 8 of the Dungeon)
 R - a +0 sling
   (You took it off a goblin on level 2 of the Dungeon)
Missiles
 g - 16 poisoned darts (quivered)
 l - 4 javelins
 J - 6 boomerangs
 K - 2 curare-tipped darts
 Q - 35 stones
Armour
 c - a +0 buckler
 d - a +0 cloak of poison resistance (worn)
   (You took it off Crazy Yiuf on level 2 of the Dungeon)
 i - a +0 pair of gloves (worn)
   (You found it on level 2 of the Dungeon)
 P - a +0 plate armour (worn)
   (You took it off an orc warrior on level 8 of the Dungeon)
Jewellery
 q - the amulet of Femahapn (around neck) {Regen+ Dex+3 Slay+4}
   (You acquired it on level 2 of the Dungeon)

   [amulet of regeneration]

   Dex+3:     It affects your dexterity (+3).
   Slay+4:    It affects your accuracy & damage with ranged weapons and melee
   (+4).
   Regen+:    It increases your rate of health regeneration.
 t - a ring of willpower (left hand)
   (You found it on level 5 of the Dungeon)
 u - a ring of flight
   (You bought it in a shop on level 5 of the Dungeon)
 v - a ring of ice
   (You found it on level 5 of the Dungeon)
 x - a ring of fire
   (You found it on level 4 of the Dungeon)
 I - a +5 ring of evasion (right hand)
   (You found it on level 6 of the Dungeon)
 S - a ring of see invisible
   (You bought it in a shop on level 5 of the Dungeon)
Wands
 f - a wand of flame (14)
   (You found it on level 8 of the Dungeon)
 r - a wand of light (3)
   (You found it on level 4 of the Dungeon)
Scrolls
 h - 2 scrolls of poison {!r}
 j - a scroll of vulnerability {!r}
 o - a scroll of teleportation {unknown}
 y - 2 scrolls of amnesia {unknown}
 B - 2 scrolls of torment {unknown}
 C - a scroll of immolation {unknown}
 F - a scroll of noise {!r}
 G - 2 scrolls of silence {unknown}
 H - 2 scrolls of enchant weapon {unknown}
 N - a scroll of blinking {unknown}
Potions
 e - 2 potions of ambrosia
 m - 3 potions of mutation {!q}
 p - 8 potions of curing {@q1}
 s - 2 potions of attraction {!q}
 w - a potion of heal wounds {unknown}
 z - a potion of magic
 A - a potion of degeneration {unknown}
 D - a potion of brilliance {unknown}
 M - a potion of lignification {unknown}


   Skills:
 + Level 9.1 Fighting
 - Level 11.0(11.4) Axes
 * Level 4.3(8.3) Maces & Flails
 * Level 5.1 Ranged Weapons
 - Level 3.6 Armour
 - Level 9.4 Shields
 + Level 3.7 Invocations


You had 9 spell levels left.
You didn't know any spells.
Your spell library contained the following spells:

 Spells                   Type           Power      Damage    Failure   Level
 Cigotuvi's Dreadful Rot  Necr/Pois/Air  0%         N/A       100%        2
 Static Discharge         Conj/Air       0%         3-3/arc   100%        2
 Airstrike                Air            0%         2d(0-16)  100%        4
 Brom's Barrelling Bould  Conj/Erth      0%         2d3       100%        4
 Dispel Undead            Necr           0%         3d6       100%        4
 Summon Lightning Spire   Summ/Air       0%         N/A       100%        4
 Fireball                 Conj/Fire      0%         3d3       100%        5
 Iskenderun's Battlesphe  Conj           0%         2d6       100%        5
 Conjure Ball Lightning   Conj/Air       0%         3x3d6     100%        6
 Death Channel            Necr           0%         N/A       100%        6
 Orb of Destruction       Conj           0%         9d5       100%        7


Dungeon Overview and Level Annotations

Branches:
Dungeon (8/15) Zot: 25612  Temple (1/1) D:7 Zot: 5966    Lair (0/5) D:8
  Sewer (visited)

Altars:
Cheibriados
Dithmenos
Elyvilon
Gozag
Hepliaklqana
Kikubaaqudgha
Makhleb
Nemelex Xobeh
Ru
Sif Muna
Uskayaw
Vehumet
Wu Jian
Xom
Yredelemnul
Zin
The Shining One

Shops:
D:5 =

Annotations:
D:8 Amaemon


Innate Abilities, Weirdness & Mutations

Your life essence is reduced to manifest your ancestor. (-10% HP)
You have a pair of horns on your head.
You reflexively headbutt those who attack you in melee.


Message History

Amaemon casts a spell.
The orange demon stings you but does no damage.
You hit Amaemon.
You feel very sick.
The scorpion stings you but does no damage. x2
The scorpion misses you. The scorpion barely misses you.
The orange demon stings you from afar.
* * * LOW HITPOINT WARNING * * *
The scorpion closely misses you. You furiously retaliate!
You headbutt the scorpion!
You kill the scorpion!
The scorpion's corpse disappears in a puff of smoke!
The scorpion barely misses you. Amaemon barely misses you.
You furiously retaliate!
You headbutt Amaemon! Amaemon misses you. Amaemon closely misses you.
The scorpion misses you.
The scorpion stings you but does no damage.
You bludgeon Amaemon!!
You feel sick.
Amaemon is no longer blind.
The scorpion barely misses you.
The scorpion stings you but does no damage.
Amaemon hits you with a +0 demon whip of venom!
* * * LOW HITPOINT WARNING * * *
You are more poisoned.
Amaemon closely misses you. Amaemon completely misses you.
The orange demon stings you but does no damage.
The scorpion closely misses you. You furiously retaliate!
You headbutt the scorpion!
You kill the scorpion!
The scorpion's corpse disappears in a puff of smoke!
The scorpion misses you. You furiously retaliate!
You headbutt the scorpion! The scorpion stings you.
* * * LOW HITPOINT WARNING * * *
The orange demon closely misses you. Amaemon hits you but does no damage.
Amaemon claws you but does no damage.
Amaemon tail-slaps you but does no damage.
You barely miss Amaemon. You headbutt Amaemon!
* * * LOW HITPOINT WARNING * * *
You feel extremely sick. The scorpion stings you.
* * * LOW HITPOINT WARNING * * *
The scorpion closely misses you. You furiously retaliate!
You headbutt the scorpion! The scorpion stings you.
* * * LOW HITPOINT WARNING * * *
The scorpion stings you.
* * * LOW HITPOINT WARNING * * *
Amaemon hits you with a +0 demon whip of venom.
* * * LOW HITPOINT WARNING * * *
Amaemon closely misses you.
Amaemon tail-slaps you but does no damage.
The orange demon stings you from afar.
You die...

#.. # ##.# #..........
####..# #......... ..##[.#
#........# ......##
#........# .......##
#.......#
..####..#####.....4.# .##
##........s6s.# ##
##.......s@s.# #
##..#....s...# ###
#######...##.......## ##.#
....).....##....#...##
##.##
..........##.<..##...###.##
..........#.....###.....##
..........#..)[.##...##.#
..........#.....##......##
.####........[..#..[...#.#


You could see Amaemon, an orange demon and 5 scorpions.

Vanquished Creatures
  A two-headed ogre (D:8)
  Joseph (D:7)
  Jeremiah (D:6)
  A komodo dragon (D:8)
  Prince Ribbit (D:7)
  5 yaks (D:8)
  A wyvern (D:8)
  A steam dragon (D:7)
  Edmund (D:5)
  2 water moccasins
  An orc warrior (D:8)
  2 sky beasts (D:7)
  3 ice beasts
  2 black bears
  A bullfrog (D:8)
  A gnoll sergeant (D:5)
  2 scorpions (D:6)
  5 wights (D:7)
  5 hounds
  A jelly (D:8)
  2 gnoll boudas
  4 orc priests
  Crazy Yiuf (D:2)
  Jessica (D:2)
  Terence (D:3)
  An iguana (D:5)
  4 orc wizards
  A sleepcap (D:4)
  13 gnolls
  10 adders
  2 white imps
  2 ufetubi (D:7)
  A worm (D:4)
  9 orcs
  2 bats
  4 endoplasms (D:3)
  9 giant cockroaches
  4 goblins
  4 hobgoblins
  5 jackals
  4 kobolds
  2 quokkas
  3 ball pythons
  2 frilled lizards (D:2)
  6 rats
135 creatures vanquished.

Vanquished Creatures (collateral kills)
  An ice beast (D:8)
  An orc (D:8)
2 creatures vanquished.

Vanquished Creatures (others)
  2 ancestors (D:8)
2 creatures vanquished.

Grand Total: 139 creatures vanquished

Notes
Turn   | Place    | Note
-------+----------+-------------------------------------------
     0 | D:1      | Pooter the Minotaur Fighter began the quest for the Orb.
     0 | D:1      | Reached XP level 1. HP: 19/19 MP: 0/0
   229 | D:1      | Found a faded altar of an unknown god.
   526 | D:1      | Reached skill level 3 in Axes
   526 | D:1      | Reached XP level 2. HP: 23/27 MP: 1/1
   779 | D:2      | Reached XP level 3. HP: 30/33 MP: 2/2
  1050 | D:2      | Found a runed translucent door.
  1051 | D:2      | Noticed Crazy Yiuf
  1059 | D:2      | Killed Crazy Yiuf
  1060 | D:2      | Reached skill level 4 in Axes
  1060 | D:2      | Reached XP level 4. HP: 26/41 MP: 0/3
  1192 | D:2      | Noticed Jessica
  1198 | D:2      | Killed Jessica
  1222 | D:2      | Identified a scroll of acquirement
  1223 | D:2      | Acquired the amulet of Femahapn {Regen+ Dex+3 Slay+4}
  1451 | D:3      | Reached XP level 5. HP: 47/47 MP: 4/4
  1581 | D:3      | Reached skill level 5 in Axes
  1637 | D:3      | Noticed Terence
  1640 | D:3      | Killed Terence
  1742 | D:3      | Found a hide-covered altar of Uskayaw.
  1745 | D:3      | Noticed a +0 hand axe
  1746 | D:3      | Noticed a +0 hand axe
  1780 | D:3      | Acquired 602 gold pieces
  1935 | D:4      | Found a snail-covered altar of Cheibriados.
  1980 | D:4      | Reached skill level 5 in Fighting
  1980 | D:4      | Reached skill level 5 in Shields
  2059 | D:4      | Found an ancient bone altar of Kikubaaqudgha.
  2059 | D:4      | Found a white marble altar of Elyvilon.
  2059 | D:4      | Found a sparkling altar of Nemelex Xobeh.
  2074 | D:4      | Found a shimmering altar of Xom.
  2078 | D:4      | Found a glowing silver altar of Zin.
  2082 | D:4      | Found a radiant altar of Vehumet.
  2084 | D:4      | Found an ornate altar of the Wu Jian Council.
  2087 | D:4      | Found a glowing golden altar of the Shining One.
  2139 | D:4      | Noticed a black bear
  2154 | D:4      | Killed a black bear
  2155 | D:4      | Reached XP level 6. HP: 33/56 MP: 5/5
  2434 | D:4      | You fall into a shaft and drop 1 floor!
  2434 | D:5      | Entered Level 5 of the Dungeon
  2454 | D:5      | Reached skill level 6 in Axes
  2624 | D:5      | Found Civinti's Jewellery Boutique.
  2644 | D:5      | Bought a ring of see invisible for 225 gold pieces
  2644 | D:5      | Bought a ring of flight for 262 gold pieces
  2690 | D:5      | Noticed Edmund
  2712 | D:5      | Killed Edmund
  2713 | D:5      | Reached XP level 7. HP: 45/62 MP: 6/6
  2736 | D:5      | Reached skill level 7 in Axes
  2822 | D:5      | Found a sacrificial altar of Ru.
  3264 | D:6      | Noticed Jeremiah
  3275 | D:6      | Killed Jeremiah
  3276 | D:6      | Reached skill level 8 in Axes
  3276 | D:6      | Reached XP level 8. HP: 71/71 MP: 7/7
  3332 | D:6      | Found a glowing drain.
  3348 | Sewer    | Entered a sewer
  3380 | Sewer    | Reached skill level 9 in Axes
  4040 | D:7      | Reached skill level 10 in Axes
  4250 | D:7      | Noticed Prince Ribbit
  4259 | D:7      | Killed Prince Ribbit
  4260 | D:7      | Reached XP level 9. HP: 72/81 MP: 8/8
  4289 | D:7      | Found a staircase to the Ecumenical Temple.
  4298 | Temple   | Entered the Ecumenical Temple
  4325 | Temple   | Became a worshipper of Hepliaklqana the Forgotten
  4913 | D:7      | Reached skill level 1 in Ranged Weapons
  4917 | D:7      | Reached skill level 1 in Invocations
  5004 | D:7      | Noticed Joseph
  5022 | D:7      | Killed Joseph
  5065 | D:7      | Found Reboalir's Antique Weapon Boutique.
  5288 | D:8      | Reached * piety under Hepliaklqana
  5329 | D:8      | Reached skill level 11 in Axes
  5378 | D:8      | Found a staircase to the Lair.
  5378 | D:8      | Noticed a komodo dragon
  5520 | D:8      | Noticed a two-headed ogre
  5529 | D:8      | Killed a two-headed ogre
  5638 | D:8      | Reached XP level 10. HP: 81/81 MP: 11/11
  6109 | D:8      | Reached skill level 5 in Ranged Weapons
  6491 | D:8      | Noticed Amaemon
  6491 | D:8      | Noticed an orange demon
  6504 | D:8      | HP: 4/81 [scorpion[Amaemon] (4)]
  6504 | D:8      | Slain by an orange demon

Illustrated notes

Levels and vault maps discovered:
D:1:      heliophobic_arrival_battle_scene, layout_basic,
          hellmonk_ecumenical_altar_heavens_door, serial_corexii_hall,
          corexii_hall_statues_deadend, chequers_hall_statues_wall_a
D:2:      layout_rooms, uniq_crazy_yiuf_cottage, uniq_jessica
D:3:      layout_basic, dancing_weapons_uskayaw, uniq_terence
D:4:      layout_cave_pools, nicolae_overflow_hallway_of_the_gods,
          nicolae_overflow_hidden_temple
D:5:      layout_rooms, nicolae_ru_sacrificial_ziggurat, serial_shops, shop,
          uniq_edmund
D:6:      layout_rooms, portal_sewer_entry_f, uniq_jeremiah
D:7:      layout_basic, temple_statues, serial_shops, nicolae_shop_stone,
          corexii_mini_fake_secret_closet, uniq_prince_ribbit1, uniq_joseph
D:8:      layout_layer_cave, david_lair_shrubbed, uniq_amaemon
Temple:   hellmonk_temple_two_chambers

Skill      XL: |  1  2  3  4  5  6  7  8  9 10 |
---------------+-------------------------------+-----
Axes           | 3 4 5 6 8 10 11 | 11.0
Fighting       | 4 5 6 8 9 |  9.1
Shields        | 4 5 6 8 9 |  9.4
Ranged Weapons | 4 5 |  5.1
Invocations    | 3 |  3.7
Maces & Flails | 2 4 |  4.3
Armour         | |  3.6

Action                     |  1- 3 |  4- 6 |  7- 9 | 10-12 || total
---------------------------+-------+-------+-------+-------++-------
  Melee: War axe           |    64 |    87 |     5 |       ||   156
         Headbutt          |     5 |    21 |    19 |    13 ||    58
         Flail             |       |       |   102 |    34 ||   136
   Fire: Sling             |       |       |     9 |       ||     9
         Arbalest          |       |       |       |     4 ||     4
  Throw: Dart              |       |     5 |    38 |       ||    43
 Invoke: Ancestor Identity |       |       |     1 |       ||     1
  Evoke: Wand              |       |       |     3 |     1 ||     4
    Use: Scroll            |     3 |     6 |     4 |     1 ||    14
         Potion            |     1 |       |       |       ||     1
 Armour: Scale mail        |    42 |    61 |     3 |       ||   106
         Chain mail        |       |       |    89 |       ||    89
         Plate armour      |       |       |     1 |    73 ||    74
  Dodge: Dodged            |    27 |    32 |    42 |    48 ||   149
  Block: Buckler           |    20 |    27 |    34 |     1 ||    82

Table legend: (Time is in decaauts)
 A = Elapsed time spent in this place.
 B = Non-inter-level travel time spent in this place.
 C = Inter-level travel time spent in this place.
 D = Time resting spent in this place.
 E = Time spent auto-exploring this place.
 F = Levels seen in this place.
 G = Mean time per level.
                   A        B        C        D        E       F      G
               +--------+--------+--------+--------+--------+-----+--------+
         Total |   6661 |   6188 |    473 |    961 |   3811 |  10 |  666.1 |
       Dungeon |   6517 |   6044 |    473 |    961 |   3738 |   8 |  814.6 |
        Temple |     33 |     33 |      0 |      0 |      0 |   1 |   33.0 |
         Sewer |    109 |    109 |      0 |      0 |     73 |   1 |  109.0 |
               +--------+--------+--------+--------+--------+-----+--------+

Top non-repeatable levels by time:
     D:8: 1274 daAuts
     D:7: 1055 daAuts
     D:5: 860 daAuts
     D:2: 800 daAuts
     D:4: 741 daAuts
     D:1: 708 daAuts
     D:6: 562 daAuts
     D:3: 513 daAuts
   Sewer: 109 daAuts
  Temple: 33 daAuts
